 Dungeon Crawl Stone Soup version bcrawl-1.20.1 (webtiles) character file.

Game seed: 6064058995078902777

634 MisterOstroum the Purveyor of Pain (level 7, -2/51 HPs)
             Began as a Mummy Necromancer on Jan 23, 2020.
             Was an Initiate of Kikubaaqudgha.
             Slain by Duvessa
             ... wielding a +0 short sword
              (4 damage)
             ... on level 5 of the Dungeon.
             The game lasted 00:34:16 (5167 turns).

MisterOstroum the Purveyor of Pain (MuNe)           Turns: 5167, Time: 00:34:17

Health: -2/51      AC:  6    Str: 10 (11) XL:     7   Next: 25%
Magic:  0/15       EV: 12    Int: 17      God:    Kikubaaqudgha [......]
Gold:   370        SH:  0    Dex: 12      Spells: 4/17 levels left

rFire    x . .     SeeInvis .   r - +1 trident (pierce)
rCold    + . .     Gourm    .   (no shield)
rNeg     + + +     Faith    .   b - +0 robe
rPois    ∞         Spirit   .   l - +2 hat
rElec    .         Reflect  .   (no cloak)
rCorr    +         Harm     .   e - +0 pair of gloves
MR       .....     Clarity  +   f - +0 pair of boots
Stlth    +.........             (no amulet)
HPRegen  0.17/turn              c - ring of resist corrosion
MPRegen  0.14/turn              (no ring)

@: glowing
A: no food or potions, fire vulnerability, clarity, cold resistance 1, negative
energy resistance 3, torment resistance, unbreathing
a: Renounce Religion


You were on level 5 of the Dungeon.
You worshipped Kikubaaqudgha.
Kikubaaqudgha was noncommittal.
You were not hungry.

You visited 1 branch of the dungeon, and saw 5 of its levels.

You collected 370 gold pieces.

Inventory:

Hand Weapons
 a - a +0 dagger
 o - a +0 war axe
 r - a +1 trident of piercing (weapon)
 u - a +0 mace
Missiles
 k - 494 stones (quivered)
Armour
 b - a +0 robe (worn)
 e - a +0 pair of gloves (worn)
 f - a +0 pair of boots (worn)
 l - a +2 hat (worn)
 q - a +0 leather armour
Magical Staves
 v - an uncursed staff of fire
Jewellery
 c - a ring of resist corrosion (left hand)
Scrolls
 d - a scroll of enchant weapon
 g - a scroll of magic mapping {@r5 !r}
 h - a scroll of teleportation {unknown}
 i - 2 scrolls of enchant armour {unknown}
 j - 2 scrolls of remove curse
 m - 2 scrolls of noise {unknown}
 n - a scroll of fog {unknown}
 p - 2 scrolls of blinking {@r4}
 s - a scroll of fear {!r}
 t - a scroll of amnesia


   Skills:
 + Level 2.8 Fighting
 + Level 2.1 Dodging
 - Level 3.0 Stealth
 * Level 5.5 Spellcasting
 * Level 1.7 Conjurations
 * Level 5.8 Necromancy


You had 4 spell levels left.
You knew the following spells:

 Your Spells              Type           Power        Failure   Level  Hunger
a - Pain                  Necr           ###...       1%          1    N/A
b - Vampiric Draining     Necr           ###.......   3%          3    N/A
c - Bolt of Draining      Conj/Necr      ###.......   61%         5    N/A
C - Animate Dead          Necr           N/A          12%         4    N/A

Your spell library contained the following spells:

 Spells                   Type           Power        Failure   Level  Hunger
 Animate Skeleton         Necr           N/A          1%          1    N/A
 Regeneration             Chrm/Necr      Unusable     N/A         3    N/A

Dungeon Overview and Level Annotations

Branches:
Dungeon (5/12)
 Temple: D:4-7

Altars:
Cheibriados
Fedhas
Kikubaaqudgha
Xom

Annotations:
D:1 exclusion: crimson imp
D:3 exclusion: orc, Ijyb
D:5 exclusion: centaur, Duvessa


Innate Abilities, Weirdness & Mutations

You do not eat or drink.
Your flesh is vulnerable to fire.
You are immune to poison.
You possess an exceptional clarity of mind.
Your flesh is cold resistant. (rC+)
You are immune to negative energy. (rN+++)
You are immune to unholy pain and torment.
You can survive without breathing.


Message History

Duvessa, Sister of Dowan comes into view.
She is wielding a +0 short sword.
Casting: Pain (safe; 1% risk of failure)
Confirm with . or Enter, or press ? or * to list all spells.
Aiming: Pain (safe; 1% risk of failure)
Press: ? - help, Shift-Dir - straight line, f/p - Dowan
Aim: Dowan, wielding a -2 dagger, wearing a +0 robe and carrying a wand of flame (11) (moderately wounded, chance to defeat MR: 83%) Dowan writhes in agony!
Dowan gestures at you while chanting. The puff of frost hits you! You resist.
Casting: Pain (safe; 1% risk of failure)
Confirm with . or Enter, or press ? or * to list all spells.
Aiming: Pain (safe; 1% risk of failure)
Press: ? - help, Shift-Dir - straight line, f/p - Dowan
Aim: Dowan, wielding a -2 dagger, wearing a +0 robe and carrying a wand of flame (11) (severely wounded, chance to defeat MR: 83%)
Okay, then.
Duvessa says, "My weaknesses are his strengths!"
Casting: Pain (safe; 1% risk of failure)
Confirm with . or Enter, or press ? or * to list all spells.
Aiming: Pain (safe; 1% risk of failure)
Press: ? - help, Shift-Dir - straight line, f/p - Dowan
Aim: Dowan, wielding a -2 dagger, wearing a +0 robe and carrying a wand of flame (11) (severely wounded, chance to defeat MR: 83%) Dowan writhes in agony.
Dowan gestures at you while chanting.
You are outlined in light.
Casting: Pain (safe; 1% risk of failure)
Confirm with . or Enter, or press ? or * to list all spells.
Aiming: Pain (safe; 1% risk of failure)
Press: ? - help, Shift-Dir - straight line, f/p - Dowan
Aim: Dowan, wielding a -2 dagger, wearing a +0 robe and carrying a wand of flame (11) (severely wounded, chance to defeat MR: 83%) Dowan writhes in agony!
You kill Dowan!
Kikubaaqudgha accepts your kill.
You hear a distant scream of rage.
Casting: Pain (safe; 1% risk of failure)
Confirm with . or Enter, or press ? or * to list all spells.
Aiming: Pain (safe; 1% risk of failure)
Press: ? - help, Shift-Dir - straight line, f - Duvessa
Aim: Duvessa, wielding a +0 short sword and wearing a +0 leather armour (chance to defeat MR: 70%) Duvessa writhes in agony!
Duvessa goes berserk!
Casting: Pain (safe; 1% risk of failure)
Confirm with . or Enter, or press ? or * to list all spells.
Aiming: Pain (safe; 1% risk of failure)
Press: ? - help, Shift-Dir - straight line, f/p - Duvessa
Aim: Duvessa, wielding a +0 short sword and wearing a +0 leather armour (moderately wounded, berserk, fast, unusually strong, chance to defeat MR: 70%) Duvessa writhes in agony.
Casting: Pain (safe; 1% risk of failure)
Confirm with . or Enter, or press ? or * to list all spells.
Aiming: Vampiric Draining (safe; 3% risk of failure)
Press: ? - help, Shift-Dir - straight line, f/p - Duvessa
Aim: Duvessa, wielding a +0 short sword and wearing a +0 leather armour (moderately wounded, berserk, fast, unusually strong) Duvessa is heavily wounded.
You feel life coursing into your body. The foreign life energy weakens you!
You feel weakened. Duvessa hits you with a +0 short sword!
Duvessa barely misses you.
Casting: Vampiric Draining (safe; 3% risk of failure)
Confirm with . or Enter, or press ? or * to list all spells.
Aiming: Vampiric Draining (safe; 3% risk of failure)
Press: ? - help, Shift-Dir - straight line, f/p - Duvessa
Aim: Duvessa, wielding a +0 short sword and wearing a +0 leather armour (heavily wounded, berserk, fast, unusually strong) Duvessa is severely wounded.
You feel life coursing into your body. Duvessa barely misses you.
Casting: Vampiric Draining (safe; 3% risk of failure)
Confirm with . or Enter, or press ? or * to list all spells.
Aiming: Vampiric Draining (safe; 3% risk of failure)
Press: ? - help, Shift-Dir - straight line, f/p - Duvessa
Aim: Duvessa, wielding a +0 short sword and wearing a +0 leather armour (severely wounded, berserk, fast, unusually strong) Duvessa is severely wounded.
You feel life coursing into your body. Duvessa hits you with a +0 short sword!
Duvessa barely misses you.
Casting: Vampiric Draining (safe; 3% risk of failure)
Confirm with . or Enter, or press ? or * to list all spells.
Aiming: Pain (safe; 1% risk of failure)
Press: ? - help, Shift-Dir - straight line, f/p - Duvessa
Aim: Duvessa, wielding a +0 short sword and wearing a +0 leather armour (severely wounded, berserk, fast, unusually strong, chance to defeat MR: 70%) Duvessa writhes in agony.
Duvessa hits you with a +0 short sword.
Casting: Pain (safe; 1% risk of failure)
Confirm with . or Enter, or press ? or * to list all spells.
Aiming: Pain (safe; 1% risk of failure)
Press: ? - help, Shift-Dir - straight line, f/p - Duvessa
Aim: Duvessa, wielding a +0 short sword and wearing a +0 leather armour (severely wounded, berserk, fast, unusually strong, chance to defeat MR: 70%) Duvessa struggles to resist.
Duvessa hits you with a +0 short sword! Duvessa hits you but does no damage.
You can't drink.
Unknown command.
Unknown command.
Okay, then.
Unknown command.
Wield which item (- for none, * to show all)? (? for menu, Esc to quit)
r - a +1 trident of piercing (weapon)
Duvessa hits you with a +0 short sword!
* * * LOW HITPOINT WARNING * * *
You hit Duvessa.
Duvessa is almost dead.
Duvessa hits you but does no damage. Duvessa hits you with a +0 short sword!
* * * LOW HITPOINT WARNING * * *
You barely miss Duvessa.
Duvessa is severely wounded.
Duvessa hits you with a +0 short sword.
You die...
Kikubaaqudgha rasps: "You have failed me!
Welcome... oblivion!"

#........#
#........#
#....e..##
#........#
#####....##.. ..
##)....... ..##
####.........
#...###..e.########
#.....@### #.....##
#.....## #......#
##.....# ...
#.....## ....#
#......# .....#
##......# ......
##.......#


You could see Duvessa (berserk).

Vanquished Creatures
  Edmund (D:4)
  A sky beast (D:4)
  A scorpion (D:4)
  Dowan (D:5)
  A howler monkey (D:3)
  A crimson imp (D:4)
  A hound (D:3)
  An iguana (D:3)
  2 worker ants
  8 adders
  A shadow imp (D:2)
  2 worms (D:2)
  2 dart slugs
  2 leopard geckos (D:1)
  6 orcs
  A giant cockroach (D:3)
  A goblin (D:2)
  9 hobgoblins
  5 quokkas
  5 bats
  2 frilled lizards
  7 kobolds
  A leopard gecko skeleton (D:4)
  4 rats
66 creatures vanquished.

Notes
Turn   | Place    | Note
-------+----------+-------------------------------------------
     0 | D:1      | MisterOstroum the Mummy Necromancer began the quest for the
                  | Orb.
     0 | D:1      | Reached XP level 1. HP: 13/13 MP: 4/4
    68 | D:1      | Reached XP level 2. HP: 20/20 MP: 0/5
   183 | D:1      | Noticed a crimson imp
   223 | D:1      | Reached skill level 1 in Fighting
   546 | D:2      | Found a snail-covered altar of Cheibriados.
   840 | D:2      | Reached XP level 3. HP: 26/26 MP: 2/7
   938 | D:2      | Learned a level 3 spell: Vampiric Draining
  1261 | D:2      | Reached XP level 4. HP: 32/32 MP: 5/9
  2192 | D:3      | Noticed Ijyb
  2218 | D:3      | Found an ancient bone altar of Kikubaaqudgha.
  2226 | D:3      | Became a worshipper of Kikubaaqudgha
  2375 | D:3      | Learned a level 4 spell: Animate Dead
  2567 | D:3      | Noticed an ice beast
  2567 | D:3      | Noticed a phantom
  2717 | D:3      | Reached XP level 5. HP: 36/38 MP: 0/11
  3443 | D:3      | Reached skill level 5 in Necromancy
  3578 | D:3      | Learned a level 5 spell: Bolt of Draining
  3795 | D:4      | Reached XP level 6. HP: 44/44 MP: 3/13
  3917 | D:4      | Noticed Edmund
  4129 | D:4      | Noticed a sky beast
  4137 | D:4      | Killed a sky beast
  4169 | D:4      | Reached skill level 5 in Spellcasting
  4217 | D:4      | Reached skill level 1 in Conjurations
  4522 | D:4      | Killed Edmund
  4522 | D:4      | Reached XP level 7. HP: 27/51 MP: 0/15
  4524 | D:4      | Upgraded the game from bcrawl-1.20 to bcrawl-1.20.1
  4801 | D:4      | Found a shimmering altar of Xom.
  4802 | D:4      | Found a shimmering altar of Xom.
  4802 | D:4      | Found a shimmering altar of Xom.
  4802 | D:4      | Found a shimmering altar of Xom.
  4804 | D:4      | Found a shimmering altar of Xom.
  4808 | D:4      | Found a shimmering altar of Xom.
  4808 | D:4      | Found a shimmering altar of Xom.
  4955 | D:4      | Found a blossoming altar of Fedhas.
  4985 | D:5      | Entered Level 5 of the Dungeon
  5148 | D:5      | Noticed Dowan
  5149 | D:5      | Noticed Duvessa
  5156 | D:5      | Killed Dowan
  5166 | D:5      | HP: 2/51 [Duvessa/+0 short sword (11)]
  5167 | D:5      | Slain by Duvessa

Skill      XL: |  1  2  3  4  5  6 |
---------------+-------------------+-----
Stealth        | 2 3 |  3.0
Fighting       | 1 2 |  2.8
Spellcasting   | 3 4 5 |  5.5
Necromancy     | 5 |  5.8
Conjurations   | 1 |  1.7
Dodging        | 2 |  2.1

Action                   |  1- 3 |  4- 6 |  7- 9 || total
-------------------------+-------+-------+-------++-------
Melee: Dagger            |     8 |    72 |     6 ||    86
       Trident           |       |       |     9 ||     9
       War axe           |       |       |     1 ||     1
Throw: Stone             |     2 |     2 |     5 ||     9
 Cast: Pain              |    44 |   100 |    10 ||   154
       Vampiric Draining |     1 |    17 |     4 ||    22
       Animate Dead      |       |     1 |       ||     1
  Use: Scroll            |       |     5 |     1 ||     6
 Stab: Sleeping          |     1 |       |       ||     1
Armor: Robe              |     4 |    44 |     3 ||    51
Dodge: Dodged            |    10 |    85 |    10 ||   105
